 Dungeon Crawl Stone Soup version 0.23-a0-386-g9c9d49f (webtiles) character file.

42 Amnesiac the Shooter (level 3, -2/30 HPs)
             Began as a Centaur Hunter on Oct 28, 2018.
             Slain by a worker ant (7 damage)
             ... on level 3 of the Dungeon.
             The game lasted 00:04:48 (803 turns).

Amnesiac the Shooter (Centaur Hunter)                Turns: 803, Time: 00:04:48

Health: -2/30      AC:  5    Str: 14    XL:     3   Next: 33%
Magic:  3/3        EV:  9    Int: 10    God:
Gold:   81         SH:  0    Dex: 10    Spells: 2/2 levels left

rFire    . . .     SeeInvis .   a - +1 shortbow
rCold    . . .     Gourm    .   (shield currently unavailable)
rNeg     . . .     Faith    .   c - +0 leather armour
rPois    .         Spirit   .   (no helmet)
rElec    .         Reflect  .   (no cloak)
rCorr    .         Harm     .   h - +0 pair of gloves
MR       .....                  (no barding)
Stlth    +.........             (no amulet)
HPRegen  0.10/turn              (no ring)
MPRegen  0.08/turn              (no ring)

@: very quick
A: large, hooves 3, deformed body, speed 2, tough skin 3
a: no special abilities


You were on level 3 of the Dungeon.
You were not hungry.

You visited 1 branch of the dungeon, and saw 4 of its levels.

You collected 81 gold pieces.

Inventory:

Hand Weapons
 a - a +1 shortbow (weapon)
 b - a +0 short sword
 g - a +0 hunting sling
Missiles
 d - 50 arrows (quivered)
 l - 19 sling bullets
 m - 34 stones
Armour
 c - a +0 leather armour (worn)
 h - a +0 pair of gloves (worn)
Scrolls
 e - 2 scrolls of identify {!r, unknown}
 j - a scroll of immolation {!r, unknown}
 k - a scroll of magic mapping {!r, unknown}
Potions
 i - a potion of curing {!q, unknown}
Comestibles
 f - a ration


   Skills:
 + Level 2.6 Fighting
 * Level 6.4 Bows
 - Level 1.3 Dodging
 - Level 0.4 Stealth


You had 2 spell levels left.
You didn't know any spells.
Your spell library was empty.

Dungeon Overview and Level Annotations

Branches:
Dungeon (4/15)
 Temple: D:4-7

Altars:


Innate Abilities, Weirdness & Mutations

You have hooves in place of feet.
Armour fits poorly on your strangely shaped body.
You cover ground very quickly.
You have extremely tough skin. (AC +3)


Message History

There is a stone staircase leading up, spattered with blood here.
Found a stone staircase leading down.
The phantom hits you.
* * * LOW HITPOINT WARNING * * *
Found a pair of boots.
Found 18 stones.
Firing (i - inventory. (/) - cycle)
d - 55 arrows (quivered)
Press: ? - help, Shift-Dir - straight line, f - phantom
Aim: a phantom (severely damaged)
You shoot an arrow. The arrow hits the phantom.
The phantom is severely damaged.
Firing (i - inventory. (/) - cycle)
d - 54 arrows (quivered)
Press: ? - help, Shift-Dir - straight line, f/p - phantom
Aim: a phantom (severely damaged)
You shoot an arrow. The arrow hits the phantom.
The phantom is severely damaged.
The phantom blinks!
The orc wizard gestures at you while chanting.
The magic dart hits you!
* * * LOW HITPOINT WARNING * * *
The phantom blinks!
There is a stone staircase leading up here.
You climb upwards.
There is a stone staircase leading down here.
There is a stone staircase leading down here.
There is a stone staircase leading down here.
You climb downwards.
The worker ant twitches its antennae in your direction.
An orc comes into view. It is wielding a +0 war axe.
The orc wizard looks encouraged for a moment.
There is a stone staircase leading up, spattered with blood here.
The worker ant bites you.
* * * LOW HITPOINT WARNING * * *
You climb upwards.
There is a stone staircase leading down here.
Firing (i - inventory. (/) - cycle)
d - 53 arrows (quivered)
Press: ? - help, Shift-Dir - straight line, f - worker ant
Aim: a worker ant You shoot an arrow.
The arrow completely misses the worker ant.
Firing (i - inventory. (/) - cycle)
d - 52 arrows (quivered)
Press: ? - help, Shift-Dir - straight line, f/p - worker ant
Aim: a worker ant You shoot an arrow.
The arrow hits the worker ant.
The worker ant is moderately wounded.
There is a stone staircase leading down here.
d - 52 arrows (gained 1)
You see here an arrow.
Firing (i - inventory. (/) - cycle)
d - 52 arrows (quivered)
Press: ? - help, Shift-Dir - straight line, f/p - worker ant
Aim: a worker ant (lightly wounded)
You shoot an arrow. The arrow hits the worker ant.
The worker ant is lightly wounded.
Really attack while wielding your +1 shortbow?
Okay, then.
Firing (i - inventory. (/) - cycle)
d - 51 arrows (quivered)
Press: ? - help, Shift-Dir - straight line, f - rat, p - worker ant
Aim: a rat You shoot an arrow.
The arrow hits the rat.
You kill the rat!
The worker ant bites you.
* * * LOW HITPOINT WARNING * * *
The worker ant bites you!
You die...

#.# #.# #.#
#.#
########.#
.........#
#######..#
#.(...#
#@##.##
#a##.#
#(##.#
#.##.#
#.##>#######
#.##........
#.....#####.
####.<# #..#


You could see a worker ant.

Vanquished Creatures
  2 dart slugs
  2 worms (D:2)
  A leopard gecko (D:1)
  An orc (D:4)
  2 bats
  A goblin (D:3)
  A hobgoblin (D:2)
  8 jackals
  A quokka (D:1)
  4 kobolds
  4 rats
27 creatures vanquished.

Notes
Turn   | Place    | Note
-------+----------+-------------------------------------------
     0 | D:1      | Amnesiac the Centaur Hunter began the quest for the Orb.
     0 | D:1      | Reached XP level 1. HP: 17/17 MP: 1/1
   143 | D:2      | Reached XP level 2. HP: 23/24 MP: 2/2
   296 | D:2      | Reached skill level 6 in Bows
   361 | D:3      | Reached XP level 3. HP: 17/30 MP: 3/3
   663 | D:4      | Noticed a phantom
   803 | D:3      | Slain by a worker ant

Vault maps used:
D:1:      lightli_arrival_chessboard, minmay_tetromino_t4
D:2:      hangedman_feature_mirror, uniq_robin, uniq_sigmund
D:4:      serial_shops, shop, grunt_gozag_statues

Skill      XL: |  1  2 |
---------------+-------+-----
Bows           | 6 |  6.4
Fighting       | |  2.6
Dodging        | |  1.3
Stealth        | |  0.4

Action                   || total
-------------------------++-------
Melee: Short sword       ||    64
       Kick              ||    14
 Fire: Shortbow          ||    32
Armor: Leather armour    ||    27
Dodge: Dodged            ||    24

Table legend:
 A = Non-vault XP
 B = Vault XP
 C = Vault XP percentage of total XP
 D = Non-vault monster count
 E = Vault monster count
 F = Vault count percentage of total count
                 A         B        C        D         E       F
            +---------+---------+-------+---------+---------+-------
      Total |      50 |      10 |  16.7 |      22 |       5 |  18.5
            +---------+---------+-------+---------+---------+-------
        D:1 |       5 |      10 |  66.7 |       3 |       5 |  62.5
        D:2 |      17 |       0 |   0.0 |       5 |       0 |   0.0
        D:3 |      25 |       0 |   0.0 |      13 |       0 |   0.0
        D:4 |       3 |       0 |   0.0 |       1 |       0 |   0.0
            +---------+---------+-------+---------+---------+-------
